 Dungeon Crawl Stone Soup version 0.18-a0-316-gf882de5 (console) character file.

393535 endege the Severer (level 23, -1/153 HPs)
             Began as a Gargoyle Berserker on Nov 27, 2015.
             Was a High Priest of Trog.
             Slain by a hell knight
             ... wielding a +0 long sword
              (7 damage)
             ... on level 4 of the Depths.
             The game lasted 01:08:46 (51444 turns).

endege the Severer (Gargoyle Berserker)            Turns: 51444, Time: 01:08:46

Health: -1/153     AC: 43    Str: 21    XL:     23   Next: 15%
Magic:  0/23       EV: 20    Int: 11    God:    Trog [*****.]
Gold:   4100       SH:  0    Dex: 16    Spells: 0 memorised, 22 levels left

rFire  + + .     SeeInvis .     i - +9 battleaxe (flame)
rCold  + . .     Clarity  .     y - +4 plate armour "Axkin" {rF+}
rNeg   + . .     SustAt   .     (shield currently unavailable)
rPois  ∞         Gourm    .     (helmet restricted)
rElec  +         Spirit   +     h - +2 cloak
rCorr  .         Warding  .     r - +2 pair of gloves
rMut   .         Stasis   .     x - +2 pair of boots
MR     +++..                    l - amulet of guardian spirit
Stlth  ..........               s - +3 ring of evasion
                                o - ring "Faitiaps" {rF+ rC+ Stlth-}

@: exhausted, corroded equipment, flying, regenerating, slowed, very slow,
extremely resistant to hostile enchantments, extremely unstealthy
A: big wings, horns 1, negative energy resistance 1, electricity resistance,
unbreathing, petrification resistance, rot immunity, AC +17
a: Stop Flying, Berserk, Trog's Hand, Brothers in Arms, Burn Spellbooks,
Renounce Religion
}: 2/15 runes: decaying, gossamer


You were on level 4 of the Depths.
You worshipped Trog.
Trog was extremely pleased with you.
You were not hungry.

You visited 7 branches of the dungeon, and saw 43 of its levels.
You visited the Abyss 1 time.

You collected 6946 gold pieces.
You spent 2846 gold pieces at shops.


Innate Abilities, Weirdness & Mutations

You are resistant to torment.
Your stone body is resilient (AC +17).
You are immune to poison.
Your large and strong wings let you fly indefinitely.
You resist negative energy.
You are resistant to electric shocks.
You can survive without breathing.
You are immune to petrification.
You are immune to rotting.
You have a pair of small horns on your head.


   Skills:
 + Level 18.7 Fighting
 - Level 20.0 Axes
 - Level 18.8 Armour
 - Level 18.8 Dodging


You had 22 spell levels left.
You didn't know any spells.

Inventory:

Hand Weapons
 i - a +9 battleaxe of flaming (weapon)
Armour
 f - a +2 plate armour of cold resistance
 h - a +2 cloak (worn)
 r - a +2 pair of gloves (worn)
 u - the +0 pair of gloves "Gupuy" {rF- MR++ rCorr}
   (You bought it in a shop on level 4 of the Orcish Mines)

   It makes you vulnerable to fire.
   It affects your resistance to hostile enchantments.
   It protects you from acid and corrosion.
 x - a +2 pair of boots (worn)
 y - the +4 plate armour "Axkin" (worn) {rF+}
   (You found it on level 1 of the Vaults)

   It protects you from fire.
 z - the +0 cloak of a sewer {rF+ Dex+4}
   (You found it on level 4 of the Vaults)

   It affects your dexterity (+4).
   It protects you from fire.
Jewellery
 g - an uncursed ring of fire
 l - an amulet of guardian spirit (around neck)
 m - the amulet of the Exiled Beggars {Inacc rF+ rN+++ Int-5 Dex-4}
   (You found it on level 14 of the Dungeon)

   [amulet of inaccuracy]

   It reduces the accuracy of all your attacks.
   It affects your intelligence (-5).
   It affects your dexterity (-4).
   It protects you from fire.
   It renders you almost immune to negative energy.
 o - the ring "Faitiaps" (left hand) {rF+ rC+ Stlth-}
   (You found it on level 2 of the Depths)

   [ring of loudness]

   It protects you from fire.
   It protects you from cold.
   It makes you less stealthy.
 s - a +3 ring of evasion (right hand)
 B - an uncursed amulet of regeneration
 F - a +4 ring of dexterity
 Y - an uncursed ring of protection from cold
Wands
 c - a wand of disintegration (2)
Scrolls
 b - 19 scrolls of remove curse
 p - 28 scrolls of identify
 v - 4 scrolls of recharging
 C - 2 scrolls of enchant armour
 E - a scroll of enchant weapon
Potions
 j - 5 potions of resistance
 k - 5 potions of might
 n - a potion of curing
 q - 5 potions of haste
 G - a potion of cure mutation
Comestibles
 d - a slice of pizza
 t - a royal jelly
 A - 28 bread rations
 D - 21 meat rations
 H - 2 chunks of flesh

Dungeon Overview and Level Annotations

Branches:
Dungeon (15/15)            Temple (0/1) D:7            Lair (8/8) D:11
  Swamp (4/4) Lair:3       Spider (4/4) Lair:3        Slime (0/6) Lair:6
    Orc (4/4) D:11            Elf (0/3) Orc:4        Vaults (4/5) D:14
  Crypt (0/3) Vaults:2     Depths (4/5) D:15

Altars:
Ashenzari
Dithmenos
Fedhas
Gozag
Kikubaaqudgha
Makhleb
Nemelex Xobeh
Okawaru
Qazlal
Ru
Sif Muna
Trog
Yredelemnul
Beogh

Shops:
Orc:4 ?*(}   Vaults:1 *   Vaults:2 :   Depths:3 (*[

Portals:
Hell: Lair:8 Depths:1 Depths:2 Depths:3
Abyss: Depths:2
Pandemonium: Orc:4 Depths:2 Depths:3

Annotations:
Depths:2 1 runed door


Message History

The puff of flame hits the hell knight.
The hell knight completely resists.
The spark wasp stings you but does no damage.
The hell knight hits you but does no damage.
Space bends around you.
* * * LOW HITPOINT WARNING * * *
The spark wasp bursts into living lightning!
The living lightning hits you! You resist.
The spark wasp blinks!
Your iron troll rages.
The hell knight hits you from afar with an enchanted glaive.
* * * LOW HITPOINT WARNING * * *
The spark wasp closely misses you.
You hit the spark wasp. You burn the spark wasp.
The spark wasp is moderately wounded.
You slice the hell knight!!
The hell knight is heavily wounded.
The hell knight barely misses you.
The great orb of eyes bites your troll but does no damage.
The spark wasp barely misses you.
The hell knight hits you with a long sword!
You die...

#..## .# ... #...##..#
..... ###....#=# ..
.....##........# #.
.......?.......
#...............# ###..
............## ......
#>....<....##. ......#
##.....y......
.......###..yp@TD......
...........%p%p..G.....
../........pp..##..>...
........%)T.%.p###.....
.......................
........)..))........i.
....?...............y..
........#........py...p
.................p.....
..).............p.....
.....................


You could see a golden dragon, an entropy weaver, a great orb of eyes, 2 spark
wasps, 5 hell knights, a spriggan berserker, a friendly iron troll (berserk) and
a friendly troll (berserk).

Vanquished Creatures
  Norris (Vaults:3)
  2 golden dragons
  Arachne (Spider:4)
  Jorgrun (Spider:3)
  A lich (Abyss:2)
  Rupert (Vaults:2)
  A tentacled monstrosity (Depths:4)
  4 tentacled starspawn (Abyss:2)
  A sphinx (Vaults:4)
  4 thorn hunters
  Agnes (Spider:4)
  Frances (Vaults:2)
  Kirke (Lair:5)
  5 fire giants
  5 frost giants
  Donald (D:14)
  11 vault wardens
  Maud (Lair:7)
  A deep elf sorcerer (Abyss:2)
  A balrug (Depths:1)
  5 ghost moths
  6 emperor scorpions
  14 ironheart preservers
  6 stone giants
  A draconian caller (Abyss:2)
  10 very ugly things
  A salamander stormcaller (Vaults:4)
  2 green draconians (Swamp:4)
  2 deep elf demonologists
  18 spark wasps
  Azrael (D:13)
  2 deep elf annihilators
  2 merfolk javelineers (Depths:2)
  6 fire dragons
  A deep elf death mage (Vaults:1)
  2 crystal guardians
  9 yaktaur captains
  4 ettins
  Josephine (Lair:5)
  6 vault guards
  24 hydras
  7 entropy weavers
  15 centaur warriors
  5 great orbs of eyes
  A ghost crab (Swamp:3)
  2 ice dragons (Vaults:2)
  A catoblepas (Lair:7)
  A rakshasa (Vaults:1)
  9 ogre magi
  A dancing weapon (Vaults:4)
  4 death yaks
  2 tengu warriors
  6 orc high priests (Orc:4)
  2 deep troll shamans
  3 deep troll earth magi
  4 thrashing horrors (Abyss:2)
  3 spriggan berserkers (Depths:3)
  7 alligators
  3 deep elf knights
  3 sun demons
  A fire crab (shapeshifter) (Vaults:1)
  10 hell knights
  5 shadow wraiths
  2 wretched stars (Abyss:2)
  4 fire crabs (Vaults:2)
  A gelid demonspawn (Orc:4)
  8 skeletal warriors
  A storm dragon skeleton (Vaults:2)
  4 wizards
  4 spriggan druids
  An unseen horror (Vaults:1)
  2 flayed ghosts
  A deep elf summoner (Vaults:1)
  2 phantasmal warriors (Depths:2)
  An infernal demonspawn (Orc:4)
  12 ironbrand convokers
  3 necromancers
  13 hill giants
  5 shambling mangroves
  15 deep trolls
  11 swamp dragons
  2 giant orange brains
  9 orb spiders
  3 deep elf conjurers
  18 orc knights
  2 salamanders (Depths:1)
  5 orc sorcerers
  26 ugly things
  10 griffons
  A hornet (shapeshifter) (Vaults:3)
  2 salamanders (shapeshifter)
  25 wolf spiders
  2 sixfirhies
  12 hornets
  A stone giant zombie (Depths:1)
  4 black mambas
  10 harpies (Vaults:2)
  2 guardian serpents (Depths:3)
  A frost giant skeleton (Vaults:2)
  2 cyclopes (D:13)
  2 fire giant skeletons (Vaults:2)
  A centaur zombie (D:15)
  Maurice (D:8)
  A manticore (D:14)
  2 moths of wrath (Spider:4)
  A stone giant skeleton (Vaults:2)
  5 human skeletons (Vaults:2)
  15 elephants
  A smoke demon (Abyss:2)
  12 vault sentinels
  27 spiny frogs
  10 komodo dragons
  3 torpor snails
  A hellion (Depths:2)
  3 orange demons
  A hellwing (Lair:8)
  3 deep elf priests
  9 demonic crawlers
  7 kobold demonologists
  3 tengu conjurers
  31 yaktaurs
  4 fire drakes (Lair:8)
  8 freezing wraiths
  6 ice devils
  A jumping spider (shapeshifter) (Vaults:4)
  2 yaktaur skeletons (Vaults:2)
  4 red devils
  28 jumping spiders
  3 large abominations (Abyss:2)
  2 polar bears
  A polar bear (shapeshifter) (Depths:3)
  3 giant leeches
  An ancient zyme (Abyss:2)
  8 trolls
  18 two-headed ogres
  8 blink frogs
  6 bog bodies
  3 raiju (Abyss:2)
  31 slime creatures
  A stone giant simulacrum (Abyss:2)
  2 shadows
  8 spriggans
  The ghost of Raultor the Changer, an amateur OpTm (D:4)
  11 wraiths
  2 air elementals (Depths:4)
  6 boulder beetles
  6 starcursed masses (Abyss:2)
  An elf simulacrum (Depths:1)
  An ettin skeleton (Vaults:2)
  24 trapdoor spiders
  2 yaks (shapeshifter)
  56 redbacks
  15 water elementals
  31 tarantellas
  A ynoxinul (Abyss:2)
  5 golden eyes (Abyss:2)
  9 deep elf fighters
  16 humans (D:14)
  4 basilisks
  28 yaks
  7 deep elf magi
  5 neqoxecs
  A steam dragon (D:12)
  20 wolves
  A chaos spawn (Depths:2)
  3 hogs
  3 hungry ghosts
  5 fire elementals (D:13)
  2 wyverns
  24 vampire mosquitoes
  A hog (shapeshifter) (Depths:3)
  8 wargs
  14 hippogriffs
  24 water moccasins
  8 hell hounds
  A soldier ant (D:14)
  22 swamp worms
  19 insubstantial wisps
  A deep troll skeleton (Vaults:2)
  4 mottled dragons
  25 porcupines
  56 orc warriors
  A black bear (Lair:2)
  A sky beast (D:8)
  17 wasps
  A boggart (Vaults:3)
  A phantom (D:7)
  20 swamp drakes
  49 ogres
  3 ice beasts
  A necrophage (D:9)
  An eye of draining (shapeshifter) (Vaults:2)
  4 eyes of draining
  19 centaurs
  18 crocodiles
  7 big kobolds
  A gnoll sergeant (D:9)
  A wyvern zombie (D:13)
  7 small abominations
  24 giant frogs
  A wyvern skeleton (D:9)
  2 human simulacra
  3 scorpions (D:9)
  14 killer bees
  4 giant frog zombies
  3 quasits
  An electric eel (Lair:2)
  8 jellies
  5 crimson imps
  A wasp zombie (D:9)
  20 iguanas
  6 iron imps
  43 orc priests
  6 hounds
  4 centaur skeletons
  30 orc wizards
  9 worker ants
  15 sheep
  A hound zombie (D:11)
  3 worker ant zombies
  14 gnolls
  11 adders
  64 river rats
  4 white imps
  2 shadow imps (Depths:2)
  2 ufetubi (Abyss:2)
  2 oozes (Lair:6)
  An adder skeleton (D:9)
  4 worms
  4 giant geckos
  222 orcs
  2 bat zombies (D:4)
  6 giant cockroaches
  4 hobgoblins
  20 kobolds
  6 bats
  A giant gecko skeleton (D:4)
  4 giant newts
  8 goblins
  9 jackals
  4 quokkas
  A quokka zombie (D:7)
  8 rats
  A rat zombie (D:4)
  9 briar patches
  3 crawling corpses
  7 fungi
  6 plants
  5 starspawn tentacles (Abyss:2)
2039 creatures vanquished.

Vanquished Creatures (collateral kills)
  Jory (Depths:3)
  A sphinx (Vaults:1)
  Louise (Swamp:2)
  A stone giant (Depths:1)
  3 spark wasps
  An ettin (Depths:1)
  An entropy weaver (Spider:4)
  A vault guard (Depths:1)
  6 hydras
  3 death yaks (Lair:3)
  An iron troll (Depths:1)
  A spriggan (Swamp:2)
  A sun demon (Abyss:2)
  A deep troll (Depths:1)
  A fire crab (Vaults:4)
  2 ironbrand convokers (Vaults:4)
  An orc sorcerer (Orc:4)
  16 orb spiders
  7 ugly things
  A wolf spider (Spider:4)
  An elephant (Lair:8)
  A black mamba (Lair:8)
  3 demonic crawlers
  A spiny frog (Lair:8)
  An ice devil (Orc:4)
  A komodo dragon (Lair:8)
  4 yaktaurs (Depths:1)
  A tengu conjurer (Depths:3)
  An entropy weaver zombie (Depths:1)
  5 jumping spiders
  A trapdoor spider (Spider:4)
  A ynoxinul (Abyss:2)
  2 tarantellas (Spider:4)
  A water elemental (Depths:1)
  2 wolves
  A water moccasin (Lair:8)
  2 wasps
  A spriggan simulacrum (Depths:1)
  2 boggarts (Vaults:3)
  2 crocodiles
  2 orc warriors
  A river rat (Lair:8)
88 creatures vanquished.

Vanquished Creatures (others)
  A hydra (Swamp:3)
  An ugly thing (Depths:1)
  A komodo dragon (Swamp:3)
  A yaktaur (Vaults:4)
  A boggart (Vaults:3)
  An orc (D:13)
  2 briar patches
  11 fungi
  3 lurking horrors (Abyss:2)
  2 plants
  8 starspawn tentacles (Abyss:2)
  113 starspawn tentacle segments (Abyss:2)
145 creatures vanquished.

Grand Total: 2272 creatures vanquished

Notes
Turn   | Place    | Note
--------------------------------------------------------------
     0 | D:1      | endege the Gargoyle Berserker began the quest for the Orb.
     0 | D:1      | Reached XP level 1. HP: 14/14 MP: 1/1
     0 | D:1      | 0 ||| counter = 33
   208 | D:1      | Reached skill level 3 in Axes
   272 | D:1      | Reached XP level 2. HP: 19/19 MP: 2/2
   955 | D:1      | 955 ||| UPGRADING to ring mail.
   965 | D:1      | 965 ||| DROPPING +0 animal skin.
   966 | D:1      | 966 ||| UPGRADING to scale mail.
   976 | D:1      | 976 ||| DROPPING +0 ring mail.
   977 | D:1      | 977 ||| READING scroll labeled ESTOTAUVUA.
   978 | D:1      | 978 ||| READING 2 scrolls labeled JUASSYCR NURGH.
   979 | D:1      | 979 ||| READING scroll labeled UFREDUEQIRCH.
   980 | D:1      | 980 ||| READING scroll of identify.
   980 | D:1      | 980 ||| IDENTIFYING tubular wooden ring
   981 | D:1      | 981 ||| UPGRADING to ring of protection from cold.
  1099 | D:2      | Reached ** piety under Trog
  1099 | D:2      | Reached XP level 3. HP: 23/23 MP: 3/3
  1143 | D:2      | Found an iron altar of Okawaru.
  1159 | D:2      | 1159 ||| INVOKING Berserk.
  1209 | D:2      | Found a stormy altar of Qazlal.
  1214 | D:2      | Found a blossoming altar of Fedhas.
  1218 | D:2      | Found a sacrificial altar of Ru.
  1256 | D:2      | Reached skill level 4 in Axes
  1429 | D:2      | Found a deep blue altar of Sif Muna.
  1510 | D:2      | 1510 ||| READING scroll labeled DOPEUJ MILEEMA.
  1511 | D:2      | 1511 ||| READING scroll labeled TAIREO RABORU.
  1515 | D:2      | 1515 ||| READING scroll labeled POFIXZ HERUW.
  1547 | D:3      | Reached XP level 4. HP: 23/28 MP: 4/4
  1550 | D:3      | 1550 ||| INVOKING Berserk.
  1647 | D:3      | 1647 ||| INVOKING Berserk.
  1651 | D:3      | Reached skill level 5 in Axes
  1651 | D:3      | Reached XP level 5. HP: 32/32 MP: 5/5
  1702 | D:3      | 1702 ||| UPGRADING to hand axe of chopping.
  1703 | D:3      | 1703 ||| DROPPING +0 hand axe.
  1841 | D:3      | Noticed an eye of draining
  1841 | D:3      | Found a bloodstained altar of Trog.
  1841 | D:3      | Noticed an eye of draining
  1853 | D:3      | Killed an eye of draining
  1861 | D:3      | Killed an eye of draining
  1861 | D:3      | Reached skill level 6 in Axes
  1861 | D:3      | Reached XP level 6. HP: 37/37 MP: 0/6
  1912 | D:3      | Found a basalt altar of Yredelemnul.
  1980 | D:3      | 1980 ||| INVOKING Berserk.
  1985 | D:3      | Reached *** piety under Trog
  2088 | D:3      | Reached XP level 7. HP: 41/41 MP: 7/7
  2089 | D:3      | 2089 ||| UPGRADING to war axe.
  2090 | D:3      | 2090 ||| DROPPING +0 hand axe of chopping.
  2522 | D:3      | 2522 ||| UPGRADING to chain mail.
  2532 | D:3      | 2532 ||| DROPPING +0 scale mail.
  2533 | D:3      | 2533 ||| READING scroll labeled WEMEDAMMA KYQUO.
  2534 | D:3      | 2534 ||| READING scroll labeled PUEQITUEKH.
  2535 | D:3      | 2535 ||| READING scroll labeled MUYM FASU NOFF.
  2545 | D:4      | Found a shadowy altar of Dithmenos.
  2569 | D:4      | 2569 ||| INVOKING Berserk.
  2574 | D:4      | Reached skill level 7 in Axes
  2578 | D:4      | Reached skill level 3 in Armour
  2735 | D:4      | Found a sparkling altar of Nemelex Xobeh.
  3158 | D:4      | Noticed Raultor's ghost (amateur OpTm)
  3161 | D:4      | 3161 ||| INVOKING Berserk.
  3166 | D:4      | Killed Raultor's ghost
  3166 | D:4      | Reached skill level 8 in Axes
  3166 | D:4      | Reached XP level 8. HP: 48/48 MP: 8/8
  3455 | D:4      | Found an ancient bone altar of Kikubaaqudgha.
  3696 | D:4      | 3696 ||| DRINKING 2 glowing emerald potions.
  3697 | D:4      | 3697 ||| DROPPING wand of magic darts.
  3739 | D:4      | 3739 ||| EATING beef jerky.
  3743 | D:5      | Entered Level 5 of the Dungeon
  3781 | D:5      | Reached **** piety under Trog
  3851 | D:5      | Found a shattered altar of Ashenzari.
  3957 | D:5      | 3957 ||| INVOKING Berserk.
  4058 | D:5      | 4058 ||| EATING 4 fruits.
  4163 | D:5      | 4163 ||| EATING 3 fruits.
  4185 | D:5      | Got a shimmering wooden ring
  4430 | D:5      | 4430 ||| INVOKING Berserk.
  4562 | D:5      | Reached skill level 9 in Axes
  4800 | D:5      | 4800 ||| UPGRADING to pair of gloves.
  4805 | D:5      | 4805 ||| READING 2 scrolls of enchant armour.
  4805 | D:5      | 4805 ||| ENCHANTING +0 pair of gloves.
  4806 | D:5      | 4806 ||| READING scroll of enchant armour.
  4806 | D:5      | 4806 ||| ENCHANTING +1 pair of gloves.
  4807 | D:5      | 4807 ||| UPGRADING to wooden ring.
  4808 | D:5      | 4808 ||| READING 2 scrolls of remove curse.
  4809 | D:5      | 4809 ||| REMOVING ring of loudness.
  4810 | D:5      | 4810 ||| DROPPING ring of loudness.
  4811 | D:5      | 4811 ||| READING scroll labeled JOYCAEP GAANG.
  4812 | D:5      | 4812 ||| READING 3 scrolls of identify.
  4812 | D:5      | Identified the ring of Duass {rElec Str+7 Int+2 Stlth+} (You found it on level 5 of the Dungeon)
  4812 | D:5      | 4812 ||| IDENTIFYING shimmering wooden ring
  4813 | D:5      | 4813 ||| DROPPING ring of Duass {rElec Str+7 Int+2 Stlth+}.
  4814 | D:5      | 4814 ||| READING 2 scrolls of identify.
  4814 | D:5      | 4814 ||| IDENTIFYING ruby potion
  4815 | D:5      | 4815 ||| DROPPING potion of brilliance.
  4866 | D:6      | 4866 ||| INVOKING Berserk.
  4894 | D:6      | 4894 ||| EATING 2 fruits.
  5406 | D:6      | 5406 ||| INVOKING Berserk.
  5406 | D:6      | Reached XP level 9. HP: 53/53 MP: 9/9
  5442 | D:6      | 5442 ||| EATING fruit.
  5518 | D:6      | 5518 ||| READING scroll labeled TONEOSK XUEZ.
  5519 | D:6      | 5519 ||| READING 2 scrolls of identify.
  5519 | D:6      | 5519 ||| IDENTIFYING fizzy white potion
  5520 | D:6      | 5520 ||| DROPPING potion of mutation.
  5543 | D:7      | Reached skill level 10 in Axes
  5586 | D:7      | 5586 ||| EATING beef jerky.
  5592 | D:7      | 5592 ||| UPGRADING to war axe of freezing.
  5593 | D:7      | 5593 ||| DROPPING +0 war axe.
  5611 | D:7      | 5611 ||| INVOKING Berserk.
  5798 | D:7      | 5798 ||| INVOKING Berserk.
  5922 | D:7      | 5922 ||| INVOKING Berserk.
  5932 | D:7      | Found a staircase to the Ecumenical Temple.
  6012 | D:7      | 6012 ||| INVOKING Berserk.
  6142 | D:7      | 6142 ||| INVOKING Berserk.
  6144 | D:7      | Reached ***** piety under Trog
  6144 | D:7      | Reached skill level 11 in Axes
  6244 | D:7      | 6244 ||| EATING 6 beef jerkies.
  6508 | D:7      | 6508 ||| UPGRADING to plate armour.
  6518 | D:7      | 6518 ||| DROPPING +0 chain mail.
  6519 | D:7      | 6519 ||| READING scroll labeled HACKEH ARE.
  6520 | D:7      | 6520 ||| DRINKING 3 fizzy green potions.
  6521 | D:7      | 6521 ||| READING 2 scrolls of identify.
  6521 | D:7      | 6521 ||| IDENTIFYING scratched steel ring
  6522 | D:7      | 6522 ||| DROPPING ring of stealth.
  6721 | D:8      | 6721 ||| READING scroll of enchant armour.
  6721 | D:8      | 6721 ||| ENCHANTING +0 plate armour.
  6743 | D:8      | 6743 ||| INVOKING Berserk.
  6867 | D:8      | Noticed Maurice
  6928 | D:8      | Killed Maurice
  6928 | D:8      | Reached XP level 10. HP: 60/60 MP: 10/10
  6984 | D:8      | 6984 ||| Invisible monster not found???
  7040 | D:8      | 7040 ||| INVOKING Berserk.
  7163 | D:8      | 7163 ||| INVOKING Berserk.
  7262 | D:8      | Reached skill level 6 in Fighting
  7294 | D:8      | Found a burning altar of Makhleb.
  7361 | D:8      | 7361 ||| UPGRADING to cloak.
  7366 | D:8      | 7366 ||| UPGRADING to runed brass ring.
  7367 | D:8      | 7367 ||| REMOVING ring of fire.
  7368 | D:8      | 7368 ||| READING 3 scrolls of identify.
  7368 | D:8      | 7368 ||| IDENTIFYING purple potion
  7369 | D:8      | 7369 ||| READING 2 scrolls of identify.
  7369 | D:8      | 7369 ||| IDENTIFYING bubbling dark potion
  7370 | D:8      | 7370 ||| DROPPING potion of berserk rage.
  7371 | D:8      | 7371 ||| DROPPING potion of poison.
  7405 | D:9      | Reached skill level 12 in Axes
  7854 | D:9      | 7854 ||| INVOKING Berserk.
  8087 | D:9      | 8087 ||| READING scroll of enchant armour.
  8087 | D:9      | 8087 ||| ENCHANTING +0 cloak.
  8551 | D:9      | 8551 ||| READING 2 scrolls of identify.
  8551 | D:9      | 8551 ||| IDENTIFYING yellow potion
  8552 | D:9      | 8552 ||| DROPPING wand of random effects.
  8553 | D:9      | 8553 ||| DROPPING wand of flame.
  8622 | D:10     | Entered Level 10 of the Dungeon
  8629 | D:10     | Noticed a hill giant
  8632 | D:10     | 8632 ||| INVOKING Berserk.
  8638 | D:10     | Killed a hill giant
  8638 | D:10     | Reached skill level 13 in Axes
  8669 | D:10     | 8669 ||| EATING 6 beef jerkies.
  8740 | D:10     | Reached XP level 11. HP: 66/66 MP: 11/11
  8761 | D:10     | 8761 ||| INVOKING Berserk.
  8885 | D:10     | Received a gift from Trog
  8901 | D:10     | 8901 ||| UPGRADING to runed broad axe {god gift}.
  8902 | D:10     | 8902 ||| DROPPING +1 war axe of freezing.
  9018 | D:10     | Reached skill level 14 in Axes
  9177 | D:10     | 9177 ||| STAIRDANCE
  9187 | D:9      | 9187 ||| READING 2 scrolls of identify.
  9187 | D:9      | 9187 ||| IDENTIFYING lumpy pink potion
  9188 | D:9      | 9188 ||| DROPPING potion of flight.
  9415 | D:10     | 9415 ||| INVOKING Berserk.
  9462 | D:10     | Noticed a deep troll
  9465 | D:10     | 9465 ||| INVOKING Berserk.
  9474 | D:10     | Killed a deep troll
  9524 | D:10     | 9524 ||| EATING 5 beef jerkies.
  9531 | D:10     | Noticed a wizard
  9534 | D:10     | 9534 ||| INVOKING Trog's Hand.
  9544 | D:10     | Killed a wizard
  9686 | D:11     | Found a staircase to the Lair.
  9770 | D:11     | 9770 ||| READING scroll of enchant armour.
  9770 | D:11     | 9770 ||| ENCHANTING +1 cloak.
  9798 | D:11     | Found a staircase to the Orcish Mines.
 10257 | D:11     | 10257 ||| UPGRADING to tiny emerald amulet.
 10258 | D:11     | 10258 ||| REMOVING amulet of the gourmand.
 10259 | D:11     | 10259 ||| DROPPING amulet of the gourmand.
 10260 | D:11     | 10260 ||| DRINKING 3 white potions.
 10270 | D:11     | 10270 ||| DROPPING 2 potions of ambrosia.
 10320 | Lair:1   | Entered Level 1 of the Lair of Beasts
 10321 | Lair:1   | 10321 ||| Entered L.
 10324 | Lair:1   | 10324 ||| INVOKING Berserk.
 10332 | Lair:1   | Reached ****** piety under Trog
 10369 | Lair:1   | 10369 ||| EATING 4 beef jerkies.
 10461 | Lair:1   | 10461 ||| INVOKING Berserk.
 10584 | Lair:1   | Received a gift from Trog
 10651 | Lair:1   | Reached skill level 15 in Axes
 11026 | Lair:1   | 11026 ||| UPGRADING to glass ring.
 11043 | Lair:2   | 11043 ||| STAIRDANCE
 11045 | Lair:1   | 11045 ||| INVOKING Berserk.
 11101 | Lair:2   | 11101 ||| STAIRDANCE
 11103 | Lair:1   | 11103 ||| INVOKING Berserk.
 11106 | Lair:1   | Reached XP level 12. HP: 72/72 MP: 4/12
 11107 | Lair:1   | Received a gift from Trog
 11159 | Lair:1   | 11159 ||| UPGRADING to runed battleaxe {god gift}.
 11160 | Lair:1   | 11160 ||| DROPPING +4 antimagic broad axe.
 11163 | Lair:2   | 11163 ||| STAIRDANCE
 11255 | Lair:2   | 11255 ||| STAIRDANCE
 11390 | Lair:2   | 11390 ||| STAIRDANCE
 11404 | Lair:2   | 11404 ||| STAIRDANCE
 11417 | Lair:2   | 11417 ||| STAIRDANCE
 11420 | Lair:1   | Reached skill level 3 in Dodging
 12227 | Lair:2   | 12227 ||| Stepping ~*~*~tactically~*~*~ (water).
 12238 | Lair:2   | 12238 ||| Stepping ~*~*~tactically~*~*~ (water).
 12239 | Lair:2   | 12239 ||| INVOKING Berserk.
 12253 | Lair:2   | 12253 ||| READING scroll of teleportation.
 12471 | Lair:2   | 12471 ||| EATING 4 beef jerkies.
 12542 | Lair:2   | 12542 ||| UPGRADING to helmet.
 12547 | Lair:2   | 12547 ||| UPGRADING to silver ring.
 12549 | Lair:2   | 12549 ||| READING 4 scrolls of remove curse.
 12550 | Lair:2   | 12550 ||| REMOVING ring of teleportation.
 12551 | Lair:2   | 12551 ||| DROPPING ring of teleportation.
 12552 | Lair:2   | 12552 ||| UPGRADING to ring of protection from cold.
 12553 | Lair:2   | 12553 ||| READING 3 scrolls of identify.
 12553 | Lair:2   | 12553 ||| IDENTIFYING green potion
 12554 | Lair:2   | 12554 ||| DROPPING wand of enslavement.
 12555 | Lair:2   | 12555 ||| DROPPING potion of degeneration.
 12700 | Lair:3   | Received a gift from Trog
 12712 | Lair:3   | Reached skill level 16 in Axes
 12863 | Lair:3   | Got a fine sapphire amulet
 12910 | Lair:3   | Noticed a death yak
 12910 | Lair:3   | Noticed a death yak
 12911 | Lair:3   | 12911 ||| INVOKING Brothers in Arms.
 12912 | Lair:3   | Noticed a death yak
 12913 | Lair:3   | Noticed a death yak
 12913 | Lair:3   | Noticed a death yak
 12913 | Lair:3   | Noticed a death yak
 12914 | Lair:3   | 12914 ||| INVOKING Berserk.
 12917 | Lair:3   | Killed a death yak
 12918 | Lair:3   | Killed a death yak
 12919 | Lair:3   | Killed a death yak
 12919 | Lair:3   | Reached skill level 6 in Armour
 12921 | Lair:3   | Killed a death yak
 12921 | Lair:3   | Received a gift from Trog
 12924 | Lair:3   | Killed a death yak
 12924 | Lair:3   | Reached XP level 13. HP: 78/78 MP: 4/13
 13146 | Lair:3   | Found a staircase to the Swamp.
 13225 | Lair:3   | Found a hole to the Spider Nest.
 13705 | Lair:3   | 13705 ||| UPGRADING to fine sapphire amulet.
 13705 | Lair:3   | Identified the amulet of Teafuwk {Stasis rF+} (You found it on level 3 of the Lair of Beasts)
 13706 | Lair:3   | 13706 ||| REMOVING amulet of Teafuwk {Stasis rF+}.
 13707 | Lair:3   | 13707 ||| DROPPING amulet of Teafuwk {Stasis rF+}.
 13708 | Lair:3   | 13708 ||| READING scroll labeled EHIJYQIR LEKKO.
 13709 | Lair:3   | 13709 ||| READING 4 scrolls of identify.
 13709 | Lair:3   | 13709 ||| IDENTIFYING silvery potion
 13710 | Lair:3   | 13710 ||| DROPPING potion of invisibility.
 13832 | Lair:4   | 13832 ||| INVOKING Brothers in Arms.
 13833 | Lair:4   | 13833 ||| INVOKING Berserk.
 13884 | Lair:4   | 13884 ||| EATING 3 beef jerkies.
 14101 | Lair:4   | 14101 ||| INVOKING Berserk.
 14113 | Lair:4   | 14113 ||| EATING 2 beef jerkies.
 14632 | Lair:5   | 14632 ||| STAIRDANCE
 14639 | Lair:5   | 14639 ||| STAIRDANCE
 14648 | Lair:5   | 14648 ||| STAIRDANCE
 14674 | Lair:5   | 14674 ||| STAIRDANCE
 14682 | Lair:5   | 14682 ||| STAIRDANCE
 14690 | Lair:5   | 14690 ||| STAIRDANCE
 14713 | Lair:5   | Noticed Kirke
 14714 | Lair:5   | 14714 ||| INVOKING Trog's Hand.
 14726 | Lair:5   | Killed Kirke
 14726 | Lair:5   | Reached skill level 17 in Axes
 14730 | Lair:5   | Noticed Josephine
 14743 | Lair:5   | Killed Josephine
 14747 | Lair:5   | Reached skill level 6 in Dodging
 15224 | Lair:5   | 15224 ||| EATING 2 beef jerkies.
 15271 | Lair:5   | Found a dark tunnel.
 15428 | Lair:5   | 15428 ||| UPGRADING to runed chain mail.
 15438 | Lair:5   | 15438 ||| READING 4 scrolls of remove curse.
 15439 | Lair:5   | 15439 ||| UPGRADING to +1 plate armour.
 15449 | Lair:5   | 15449 ||| DROPPING +0 chain mail.
 15450 | Lair:5   | 15450 ||| UPGRADING to tourmaline ring.
 15452 | Lair:5   | 15452 ||| REMOVING ring of magical power.
 15453 | Lair:5   | 15453 ||| DROPPING ring of magical power.
 15454 | Lair:5   | 15454 ||| UPGRADING to ring of protection from cold.
 15455 | Lair:5   | 15455 ||| READING scroll labeled OMY KOUXAUB.
 15456 | Lair:5   | 15456 ||| READING 7 scrolls of identify.
 15456 | Lair:5   | 15456 ||| IDENTIFYING coppery potion
 15457 | Lair:5   | 15457 ||| READING 6 scrolls of identify.
 15457 | Lair:5   | 15457 ||| IDENTIFYING metallic amethyst potion
 15458 | Lair:5   | 15458 ||| DROPPING potion of lignification.
 15485 | Lair:6   | 15485 ||| STAIRDANCE
 15492 | Lair:6   | 15492 ||| STAIRDANCE
 15500 | Lair:6   | 15500 ||| STAIRDANCE
 15628 | Lair:6   | Found a staircase to the Slime Pits.
 15635 | Lair:6   | Received a gift from Trog
 15636 | Lair:6   | Got a polished executioner's axe {god gift}
 15637 | Lair:6   | 15637 ||| UPGRADING to polished executioner's axe {god gift}.
 15637 | Lair:6   | Identified the +2 executioner's axe of Fallacy {flame, *Noise rElec Dex+4} (Trog gifted it to you on level 6 of the Lair of Beasts)
 15638 | Lair:6   | 15638 ||| UPGRADING to +9 antimagic battleaxe.
 15639 | Lair:6   | 15639 ||| DROPPING +2 executioner's axe of Fallacy {flame, *Noise rElec Dex+4}.
 15898 | Lair:6   | Reached skill level 9 in Fighting
 16097 | Lair:6   | 16097 ||| INVOKING Berserk.
 16777 | Lair:7   | 16777 ||| STAIRDANCE
 16785 | Lair:7   | 16785 ||| STAIRDANCE
 16788 | Lair:6   | Gained mutation: Your large and strong wings let you fly indefinitely. [Gargoyle growth]
 16788 | Lair:6   | Reached XP level 14. HP: 81/86 MP: 4/14
 16789 | Lair:6   | 16789 ||| INVOKING Fly.
 16789 | Lair:6   | 16789 ||| FLYING.
 16792 | Lair:7   | 16792 ||| STAIRDANCE
 16798 | Lair:6   | Reached skill level 18 in Axes
 16827 | Lair:7   | Noticed Maud
 16833 | Lair:7   | 16833 ||| INVOKING Berserk.
 16844 | Lair:7   | Killed Maud
 16963 | Lair:7   | 16963 ||| INVOKING Brothers in Arms.
 16966 | Lair:7   | 16966 ||| INVOKING Berserk.
 17605 | Lair:7   | 17605 ||| INVOKING Brothers in Arms.
 17608 | Lair:7   | 17608 ||| INVOKING Berserk.
 17616 | Lair:7   | 17616 ||| EATING 2 beef jerkies.
 17746 | Lair:8   | Entered Level 8 of the Lair of Beasts
 17842 | Lair:8   | 17842 ||| INVOKING Brothers in Arms.
 17844 | Lair:8   | 17844 ||| INVOKING Berserk.
 17976 | Lair:8   | 17976 ||| INVOKING Brothers in Arms.
 17979 | Lair:8   | 17979 ||| INVOKING Berserk.
 17982 | Lair:8   | Received a gift from Trog
 18121 | Lair:8   | 18121 ||| UPGRADING to glowing battleaxe {god gift}.
 18122 | Lair:8   | 18122 ||| UPGRADING to +9 antimagic battleaxe.
 18123 | Lair:8   | 18123 ||| DROPPING +4 battleaxe of chopping.
 18136 | Lair:8   | 18136 ||| INVOKING Brothers in Arms.
 18138 | Lair:8   | 18138 ||| INVOKING Berserk.
 18294 | Lair:8   | 18294 ||| INVOKING Brothers in Arms.
 18300 | Lair:8   | 18300 ||| INVOKING Berserk.
 18456 | Lair:8   | 18456 ||| INVOKING Brothers in Arms.
 18457 | Lair:8   | 18457 ||| INVOKING Berserk.
 18623 | Lair:8   | 18623 ||| INVOKING Brothers in Arms.
 18626 | Lair:8   | 18626 ||| INVOKING Berserk.
 18906 | Lair:8   | Reached skill level 19 in Axes
 19048 | Lair:8   | 19048 ||| INVOKING Brothers in Arms.
 19051 | Lair:8   | 19051 ||| INVOKING Berserk.
 19068 | Lair:8   | 19068 ||| EATING beef jerky.
 19126 | Lair:8   | 19126 ||| INVOKING Trog's Hand.
 19139 | Lair:8   | Found a burning altar of Makhleb.
 19147 | Lair:8   | 19147 ||| INVOKING Berserk.
 19184 | Lair:8   | Found a gateway to Hell.
 19577 | Lair:8   | 19577 ||| UPGRADING to lumpy fluorescent amulet.
 19578 | Lair:8   | 19578 ||| DRINKING 2 lumpy inky potions.
 19629 | Lair:6   | 19629 ||| EATING 2 slices of pizza.
 19841 | Orc:1    | Entered Level 1 of the Orcish Mines
 19842 | Orc:1    | 19842 ||| Entered O.
 19845 | Orc:1    | 19845 ||| STAIRDANCE
 19850 | Orc:1    | 19850 ||| STAIRDANCE
 19856 | Orc:1    | 19856 ||| STAIRDANCE
 19862 | Orc:1    | 19862 ||| STAIRDANCE
 19924 | Orc:1    | 19924 ||| STAIRDANCE
 20721 | Orc:3    | 20721 ||| STAIRDANCE
 20728 | Orc:3    | 20728 ||| STAIRDANCE
 20744 | Orc:3    | 20744 ||| STAIRDANCE
 20748 | Orc:2    | Reached XP level 15. HP: 92/92 MP: 5/15
 20756 | Orc:2    | 20756 ||| DROPPING 8 tomahawks.
 20760 | Orc:3    | 20760 ||| STAIRDANCE
 20772 | Orc:3    | 20772 ||| STAIRDANCE
 21015 | Orc:3    | Received a gift from Trog
 21022 | Orc:3    | 21022 ||| UPGRADING to glowing battleaxe {god gift}.
 21023 | Orc:3    | 21023 ||| UPGRADING to +9 antimagic battleaxe.
 21024 | Orc:3    | 21024 ||| DROPPING +2 battleaxe of flaming.
 21496 | Orc:4    | Entered Level 4 of the Orcish Mines
 21900 | Orc:4    | Found a roughly hewn altar of Beogh.
 21975 | Orc:4    | Received a gift from Trog
 22000 | Orc:4    | Found Gutiun's Magic Scroll Boutique.
 22024 | Orc:4    | 22024 ||| INVOKING Berserk.
 22027 | Orc:4    | Found Ackur's General Store.
 22054 | Orc:4    | 22054 ||| READING 6 scrolls of teleportation.
 22306 | Orc:4    | Bought a scroll of remove curse for 51 gold pieces
 22306 | Orc:4    | Bought a scroll of identify for 34 gold pieces
 22306 | Orc:4    | Bought a scroll of recharging for 161 gold pieces
 22306 | Orc:4    | Bought a scroll of identify for 34 gold pieces
 22306 | Orc:4    | Bought a scroll of enchant armour for 127 gold pieces
 22306 | Orc:4    | Bought a scroll of remove curse for 51 gold pieces
 22306 | Orc:4    | Bought a scroll of teleportation for 51 gold pieces
 22306 | Orc:4    | Bought a scroll of identify for 34 gold pieces
 22306 | Orc:4    | 22306 ||| READING scroll of enchant armour.
 22306 | Orc:4    | 22306 ||| ENCHANTING +0 helmet.
 22309 | Orc:4    | Bought the +0 pair of gloves "Gupuy" {rF- MR++ rCorr} for 185 gold pieces
 22309 | Orc:4    | Bought a bread ration for 50 gold pieces
 22309 | Orc:4    | Bought a potion of curing for 30 gold pieces
 22309 | Orc:4    | Bought a bread ration for 50 gold pieces
 22309 | Orc:4    | Bought a scroll of teleportation for 30 gold pieces
 22514 | Orc:4    | 22514 ||| INVOKING Brothers in Arms.
 22518 | Orc:4    | 22518 ||| INVOKING Berserk.
 22542 | Orc:4    | 22542 ||| INVOKING Trog's Hand.
 22556 | Orc:4    | 22556 ||| READING 7 scrolls of teleportation.
 22662 | Orc:4    | 22662 ||| Invisible monster not found???
 22662 | Orc:4    | 22662 ||| EATING slice of pizza.
 22739 | Orc:4    | 22739 ||| INVOKING Berserk.
 22749 | Orc:4    | 22749 ||| EATING 4 fruits.
 22750 | Orc:4    | 22750 ||| READING 6 scrolls of teleportation.
 22822 | Orc:4    | 22822 ||| READING 5 scrolls of teleportation.
 22880 | Orc:4    | Reached skill level 20 in Axes
 22882 | Orc:4    | 22882 ||| INVOKING Trog's Hand.
 22884 | Orc:4    | 22884 ||| READING 4 scrolls of teleportation.
 22891 | Orc:4    | 22891 ||| EATING 3 fruits.
 22968 | Orc:4    | 22968 ||| INVOKING Trog's Hand.
 22970 | Orc:4    | 22970 ||| READING 3 scrolls of teleportation.
 22973 | Orc:4    | Received a gift from Trog
 23048 | Orc:4    | 23048 ||| READING 2 scrolls of teleportation.
 23054 | Orc:4    | 23054 ||| EATING 2 fruits.
 23117 | Orc:4    | 23117 ||| INVOKING Berserk.
 23177 | Orc:4    | Found Ecle's Antique Weapon Emporium.
 23177 | Orc:4    | Found a one-way gate leading to the halls of Pandemonium.
 23177 | Orc:4    | Found Hoiraic's Gadget Shoppe.
 23178 | Orc:4    | 23178 ||| INVOKING Berserk.
 23240 | Orc:4    | 23240 ||| UPGRADING to runed chain mail.
 23250 | Orc:4    | 23250 ||| UPGRADING to +1 plate armour.
 23260 | Orc:4    | 23260 ||| DROPPING +2 chain mail of poison resistance.
 23261 | Orc:4    | 23261 ||| UPGRADING to glowing plate armour.
 23271 | Orc:4    | 23271 ||| READING 8 scrolls of remove curse.
 23272 | Orc:4    | 23272 ||| UPGRADING to +1 plate armour.
 23282 | Orc:4    | 23282 ||| DROPPING -1 plate armour.
 23283 | Orc:4    | 23283 ||| UPGRADING to shiny plate armour.
 23296 | Orc:4    | 23296 ||| DROPPING +1 plate armour.
 23302 | Orc:4    | 23302 ||| INVOKING Berserk.
 23421 | Orc:4    | Found a staircase to the Elven Halls.
 23569 | Orc:4    | 23569 ||| UPGRADING to jade ring.
 23571 | Orc:4    | 23571 ||| UPGRADING to ring of protection from cold.
 23674 | D:12     | 23674 ||| STAIRDANCE
 24272 | D:12     | Gained mutation: You are frail (-10% HP). [a neqoxec]
 24413 | D:12     | 24413 ||| EATING fruit.
 24539 | D:12     | 24539 ||| Stepping ~*~*~tactically~*~*~ (cloud).
 24750 | D:12     | 24750 ||| INVOKING Brothers in Arms.
 24753 | D:12     | 24753 ||| INVOKING Brothers in Arms.
 24754 | D:12     | 24754 ||| INVOKING Berserk.
 24834 | D:12     | 24834 ||| UPGRADING to pair of boots.
 24839 | D:12     | 24839 ||| READING scroll labeled CEUMUMMU ZICH.
 24839 | D:12     | Identified a scroll of acquirement
 24840 | D:12     | Got an ichor-stained hat
 24841 | D:12     | 24841 ||| UPGRADING to ichor-stained hat.
 24851 | D:12     | Identified the +1 hat of the Beekeeper {Str+3} (You acquired it on level 12 of the Dungeon)
 24851 | D:12     | 24851 ||| UPGRADING to +1 helmet.
 24861 | D:12     | 24861 ||| DROPPING +1 hat of the Beekeeper {Str+3}.
 24926 | D:13     | Noticed Azrael
 24931 | D:13     | 24931 ||| INVOKING Berserk.
 24940 | D:13     | Killed Azrael
 24996 | D:13     | 24996 ||| EATING slice of pizza.
 25174 | D:13     | Received a gift from Trog
 25640 | D:13     | Found a sacrificial altar of Ru.
 25650 | D:13     | 25650 ||| INVOKING Berserk.
 25991 | D:13     | 25991 ||| INVOKING Trog's Hand.
 25998 | D:13     | 25998 ||| INVOKING Berserk.
 26063 | D:13     | 26063 ||| EATING 21 bread rations.
 26120 | D:13     | 26120 ||| READING scroll of enchant armour.
 26120 | D:13     | 26120 ||| ENCHANTING +1 helmet.
 26121 | D:13     | 26121 ||| DROPPING wand of digging.
 26147 | D:14     | Found a gate to the Vaults.
 26147 | D:14     | Noticed Donald
 26149 | D:14     | 26149 ||| INVOKING Berserk.
 26157 | D:14     | Reached skill level 9 in Armour
 26161 | D:14     | Reached skill level 9 in Dodging
 26166 | D:14     | HP: 25/123 [Donald/double sword of freezing (36)]
 26168 | D:14     | Reached XP level 16. HP: 16/87 MP: 1/16
 26170 | D:14     | Killed Donald
 26557 | D:14     | Got an ancient graven amulet
 26575 | D:14     | Found a labyrinth entrance.
 26786 | D:14     | Received a gift from Trog
 26792 | D:14     | 26792 ||| UPGRADING to glowing executioner's axe {god gift}.
 26793 | D:14     | 26793 ||| UPGRADING to +9 antimagic battleaxe.
 26794 | D:14     | 26794 ||| DROPPING +2 executioner's axe of freezing.
 27154 | D:14     | 27154 ||| UPGRADING to ancient graven amulet.
 27155 | D:14     | Identified the amulet of the Exiled Beggars {Inacc rF+ rN+++ Int-5 Dex-4} (You found it on level 14 of the Dungeon)
 27156 | D:14     | 27156 ||| REMOVING amulet of the Exiled Beggars {Inacc rF+ rN+++ Int-5 Dex-4}.
 27157 | D:14     | 27157 ||| UPGRADING to amulet of guardian spirit.
 27158 | D:14     | 27158 ||| READING scroll labeled FACAZU POCWE.
 27159 | D:14     | 27159 ||| READING 19 scrolls of identify.
 27159 | D:14     | 27159 ||| IDENTIFYING golden potion
 27160 | D:14     | 27160 ||| DROPPING potion of magic.
 27175 | D:15     | Entered Level 15 of the Dungeon
 27442 | D:15     | 27442 ||| READING scroll of enchant armour.
 27442 | D:15     | 27442 ||| ENCHANTING +0 pair of boots.
 27600 | D:15     | 27600 ||| EATING 20 bread rations.
 27696 | D:15     | Found a staircase to the Depths.
 27702 | D:15     | 27702 ||| INVOKING Berserk.
 28071 | D:15     | 28071 ||| READING 20 scrolls of identify.
 28071 | D:15     | 28071 ||| IDENTIFYING puce potion
 28072 | D:15     | 28072 ||| DROPPING potion of cancellation.
 28366 | Lair:4   | 28366 ||| DROPPING tomahawk.
 28411 | Lair:6   | 28411 ||| INVOKING Brothers in Arms.
 28593 | Spider:1 | Entered Level 1 of the Spider Nest
 28594 | Spider:1 | 28594 ||| Entered N.
 28594 | Spider:1 | 28594 ||| STAIRDANCE
 28596 | Lair:3   | 28596 ||| INVOKING Brothers in Arms.
 28627 | Spider:1 | 28627 ||| STAIRDANCE
 28657 | Spider:1 | 28657 ||| STAIRDANCE
 28667 | Spider:1 | 28667 ||| INVOKING Brothers in Arms.
 29005 | Spider:1 | 29005 ||| INVOKING Brothers in Arms.
 29014 | Spider:1 | 29014 ||| DROPPING wand of frost.
 29015 | Spider:1 | 29015 ||| READING 3 scrolls of teleportation.
 29070 | Spider:1 | 29070 ||| INVOKING Brothers in Arms.
 29107 | Spider:1 | 29107 ||| INVOKING Brothers in Arms.
 29123 | Spider:1 | 29123 ||| INVOKING Berserk.
 29542 | Spider:1 | 29542 ||| DROPPING wand of draining.
 29569 | Spider:2 | 29569 ||| STAIRDANCE
 29584 | Spider:2 | 29584 ||| EATING 20 bread rations.
 29702 | Spider:2 | 29702 ||| INVOKING Brothers in Arms.
 30106 | Spider:2 | 30106 ||| DRINKING 8 potions of curing.
 30106 | Spider:2 | 30106 ||| (to cure confusion)
 30839 | Spider:2 | 30839 ||| DROPPING wand of slowing.
 30862 | Spider:3 | 30862 ||| STAIRDANCE
 30869 | Spider:3 | 30869 ||| STAIRDANCE
 30893 | Spider:3 | 30893 ||| STAIRDANCE
 30911 | Spider:3 | 30911 ||| INVOKING Brothers in Arms.
 30930 | Spider:3 | 30930 ||| INVOKING Berserk.
 30938 | Spider:3 | 30938 ||| READING 2 scrolls of teleportation.
 30940 | Spider:3 | 30940 ||| READING scroll of teleportation.
 30942 | Spider:3 | HP: 19/89 [jumping spider (8)]
 30943 | Spider:3 | 30943 ||| DRINKING 3 potions of heal wounds.
 30944 | Spider:3 | 30944 ||| INVOKING Brothers in Arms.
 30952 | Spider:3 | 30952 ||| INVOKING Brothers in Arms.
 30960 | Spider:3 | 30960 ||| EATING 3 fruits.
 30972 | Spider:3 | 30972 ||| INVOKING Berserk.
 30979 | Spider:3 | 30979 ||| EATING 2 fruits.
 31080 | Spider:3 | 31080 ||| INVOKING Brothers in Arms.
 31084 | Spider:3 | 31084 ||| INVOKING Brothers in Arms.
 31096 | Spider:3 | 31096 ||| EATING fruit.
 31243 | Spider:3 | 31243 ||| INVOKING Brothers in Arms.
 31244 | Spider:3 | 31244 ||| INVOKING Brothers in Arms.
 31245 | Spider:3 | 31245 ||| INVOKING Brothers in Arms.
 31258 | Spider:3 | 31258 ||| INVOKING Brothers in Arms.
 31284 | Spider:3 | 31284 ||| INVOKING Berserk.
 31297 | Spider:3 | 31297 ||| INVOKING Brothers in Arms.
 31302 | Spider:3 | Reached XP level 17. HP: 25/93 MP: 2/17
 31305 | Spider:3 | 31305 ||| EATING 19 bread rations.
 31517 | Spider:3 | 31517 ||| INVOKING Brothers in Arms.
 31581 | Spider:3 | Noticed Jorgrun
 31596 | Spider:3 | Killed Jorgrun
 31720 | Spider:3 | 31720 ||| INVOKING Brothers in Arms.
 31803 | Spider:3 | 31803 ||| UPGRADING to square filigree amulet.
 31805 | Spider:3 | 31805 ||| UPGRADING to amulet of guardian spirit.
 31807 | Spider:3 | 31807 ||| READING 22 scrolls of identify.
 31807 | Spider:3 | 31807 ||| IDENTIFYING fuming golden potion
 31808 | Spider:3 | 31808 ||| DRINKING potion of beneficial mutation.
 31808 | Spider:3 | Lost mutation: You are frail (-10% HP). [potion of beneficial mutation]
 31824 | Spider:4 | Entered Level 4 of the Spider Nest
 31826 | Spider:4 | 31826 ||| STAIRDANCE
 31835 | Spider:4 | 31835 ||| STAIRDANCE
 31837 | Spider:3 | 31837 ||| INVOKING Berserk.
 31919 | Spider:4 | 31919 ||| INVOKING Brothers in Arms.
 31947 | Spider:4 | 31947 ||| EATING 18 bread rations.
 32307 | Spider:4 | 32307 ||| INVOKING Brothers in Arms.
 32308 | Spider:4 | 32308 ||| INVOKING Brothers in Arms.
 32321 | Spider:4 | 32321 ||| INVOKING Brothers in Arms.
 32323 | Spider:4 | 32323 ||| INVOKING Brothers in Arms.
 32455 | Spider:4 | 32455 ||| INVOKING Brothers in Arms.
 32456 | Spider:4 | 32456 ||| INVOKING Brothers in Arms.
 32457 | Spider:4 | 32457 ||| INVOKING Brothers in Arms.
 32458 | Spider:4 | 32458 ||| INVOKING Brothers in Arms.
 32459 | Spider:4 | 32459 ||| INVOKING Brothers in Arms.
 32460 | Spider:4 | 32460 ||| INVOKING Brothers in Arms.
 32472 | Spider:4 | Reached skill level 12 in Armour
 32589 | Spider:4 | 32589 ||| INVOKING Berserk.
 32649 | Spider:4 | Reached skill level 12 in Dodging
 32668 | Spider:4 | Reached skill level 12 in Fighting
 32681 | Spider:4 | Noticed Agnes
 32683 | Spider:4 | 32683 ||| INVOKING Berserk.
 32696 | Spider:4 | Killed Agnes
 32835 | Spider:4 | 32835 ||| INVOKING Brothers in Arms.
 32836 | Spider:4 | 32836 ||| INVOKING Brothers in Arms.
 32841 | Spider:4 | 32841 ||| DRINKING 8 potions of curing.
 32841 | Spider:4 | 32841 ||| (to cure confusion)
 32855 | Spider:4 | 32855 ||| INVOKING Berserk.
 32877 | Spider:4 | 32877 ||| READING 2 scrolls of teleportation.
 32930 | Spider:4 | 32930 ||| EATING 18 bread rations.
 33102 | Spider:4 | 33102 ||| INVOKING Brothers in Arms.
 33103 | Spider:4 | 33103 ||| INVOKING Brothers in Arms.
 33104 | Spider:4 | 33104 ||| INVOKING Brothers in Arms.
 33105 | Spider:4 | 33105 ||| INVOKING Brothers in Arms.
 33106 | Spider:4 | 33106 ||| INVOKING Brothers in Arms.
 33107 | Spider:4 | 33107 ||| INVOKING Brothers in Arms.
 33108 | Spider:4 | 33108 ||| INVOKING Brothers in Arms.
 33109 | Spider:4 | 33109 ||| INVOKING Brothers in Arms.
 33249 | Spider:4 | 33249 ||| INVOKING Brothers in Arms.
 33250 | Spider:4 | 33250 ||| INVOKING Brothers in Arms.
 33265 | Spider:4 | 33265 ||| INVOKING Berserk.
 33276 | Spider:4 | 33276 ||| READING scroll of teleportation.
 33292 | Spider:4 | 33292 ||| INVOKING Brothers in Arms.
 33293 | Spider:4 | 33293 ||| INVOKING Brothers in Arms.
 33294 | Spider:4 | 33294 ||| INVOKING Brothers in Arms.
 33600 | Spider:4 | 33600 ||| INVOKING Brothers in Arms.
 33601 | Spider:4 | 33601 ||| INVOKING Brothers in Arms.
 33608 | Spider:4 | Noticed Arachne
 33609 | Spider:4 | 33609 ||| INVOKING Berserk.
 33622 | Spider:4 | Killed Arachne
 33642 | Spider:4 | 33642 ||| EATING 17 bread rations.
 33855 | Spider:4 | 33855 ||| INVOKING Brothers in Arms.
 33893 | Spider:4 | 33893 ||| Stepping randomly (disturbance).
 33905 | Spider:4 | 33905 ||| INVOKING Berserk.
 33986 | Spider:4 | Got a gossamer rune of Zot
 34097 | Spider:4 | 34097 ||| INVOKING Berserk.
 34221 | Spider:4 | 34221 ||| UPGRADING to embroidered cloak.
 34231 | Spider:4 | 34231 ||| DROPPING +2 cloak.
 34232 | Spider:4 | 34232 ||| DROPPING wand of fireball.
 34335 | Spider:3 | 34335 ||| STAIRDANCE
 34648 | Vaults:1 | Entered Level 1 of the Vaults
 34649 | Vaults:1 | 34649 ||| Entered V.
 34649 | Vaults:1 | 34649 ||| STAIRDANCE
 34657 | Vaults:1 | 34657 ||| INVOKING Trog's Hand.
 34664 | Vaults:1 | Reached XP level 18. HP: 113/113 MP: 6/18
 34671 | Vaults:1 | 34671 ||| STAIRDANCE
 34911 | Vaults:1 | 34911 ||| INVOKING Berserk.
 35127 | Vaults:1 | 35127 ||| INVOKING Trog's Hand.
 35295 | Vaults:1 | 35295 ||| INVOKING Berserk.
 35666 | Vaults:1 | 35666 ||| INVOKING Trog's Hand.
 35695 | Vaults:1 | Found Taen's Assorted Antiques.
 35703 | Vaults:1 | Bought a potion of curing for 84 gold pieces
 35703 | Vaults:1 | Bought a potion of resistance for 280 gold pieces
 35703 | Vaults:1 | Bought a glowing plate armour for 644 gold pieces
 35865 | Vaults:1 | 35865 ||| INVOKING Trog's Hand.
 35991 | Vaults:1 | 35991 ||| INVOKING Trog's Hand.
 36069 | Vaults:1 | Got an encrusted plate armour
 36130 | Vaults:1 | 36130 ||| INVOKING Trog's Hand.
 36135 | Vaults:1 | 36135 ||| INVOKING Brothers in Arms.
 36148 | Vaults:1 | 36148 ||| Stepping ~*~*~tactically~*~*~ (cloud).
 36255 | Vaults:1 | 36255 ||| UPGRADING to glowing plate armour.
 36265 | Vaults:1 | 36265 ||| UPGRADING to encrusted plate armour.
 36275 | Vaults:1 | Identified the +4 plate armour "Axkin" {rF+} (You found it on level 1 of the Vaults)
 36275 | Vaults:1 | 36275 ||| DROPPING +8 plate armour of ponderousness.
 36276 | Vaults:1 | 36276 ||| DROPPING +1 plate armour of poison resistance.
 36277 | Vaults:1 | 36277 ||| UPGRADING to thick filigree amulet.
 36279 | Vaults:1 | 36279 ||| UPGRADING to amulet of guardian spirit.
 36466 | Vaults:2 | 36466 ||| INVOKING Trog's Hand.
 36487 | Vaults:2 | 36487 ||| INVOKING Brothers in Arms.
 36495 | Vaults:2 | 36495 ||| INVOKING Berserk.
 36874 | Vaults:2 | 36874 ||| INVOKING Trog's Hand.
 36875 | Vaults:2 | Found Lekhlecs's Food Shop.
 36879 | Vaults:2 | Found Nyvewn's Book Shop.
 36900 | Vaults:2 | Bought a meat ration for 55 gold pieces
 36900 | Vaults:2 | Bought a meat ration for 55 gold pieces
 36900 | Vaults:2 | Bought a beef jerky for 16 gold pieces
 36900 | Vaults:2 | Bought a slice of pizza for 16 gold pieces
 36900 | Vaults:2 | Bought a bread ration for 55 gold pieces
 36900 | Vaults:2 | Bought 2 fruits for 33 gold pieces
 36900 | Vaults:2 | Bought a meat ration for 55 gold pieces
 36900 | Vaults:2 | Bought a bread ration for 55 gold pieces
 36900 | Vaults:2 | Bought a bread ration for 55 gold pieces
 36900 | Vaults:2 | Bought a bread ration for 55 gold pieces
 36915 | Vaults:2 | 36915 ||| INVOKING Berserk.
 37123 | Vaults:2 | Noticed Frances
 37124 | Vaults:2 | Noticed Rupert
 37124 | Vaults:2 | 37124 ||| INVOKING Trog's Hand.
 37125 | Vaults:2 | 37125 ||| INVOKING Brothers in Arms.
 37129 | Vaults:2 | 37129 ||| INVOKING Berserk.
 37130 | Vaults:2 | Cast into level 2 of the Abyss (hell knight)
 37130 | Abyss:2  | Found a corrupted altar of Lugonu.
 37265 | Abyss:2  | 37265 ||| INVOKING Trog's Hand.
 37306 | Abyss:2  | Reached XP level 19. HP: 101/121 MP: 5/19
 37315 | Abyss:2  | 37315 ||| INVOKING Trog's Hand.
 37387 | Abyss:2  | 37387 ||| INVOKING Trog's Hand.
 37390 | Abyss:2  | 37390 ||| INVOKING Berserk.
 37409 | Abyss:2  | 37409 ||| EATING beef jerky.
 37415 | Abyss:2  | 37415 ||| INVOKING Brothers in Arms.
 37416 | Abyss:2  | 37416 ||| INVOKING Brothers in Arms.
 37429 | Abyss:2  | 37429 ||| INVOKING Trog's Hand.
 37764 | Abyss:2  | 37764 ||| EATING slice of pizza.
 37856 | Abyss:2  | 37856 ||| INVOKING Trog's Hand.
 37880 | Abyss:2  | 37880 ||| INVOKING Brothers in Arms.
 37881 | Abyss:2  | 37881 ||| INVOKING Brothers in Arms.
 37954 | Abyss:2  | Noticed a lich
 37955 | Abyss:2  | 37955 ||| INVOKING Trog's Hand.
 37958 | Abyss:2  | 37958 ||| INVOKING Berserk.
 37962 | Abyss:2  | Killed a lich
 38016 | Abyss:2  | Gained mutation: Your spells are a little easier to cast, but a little less powerful. [a neqoxec]
 38142 | Abyss:2  | 38142 ||| EATING 2 fruits.
 38154 | Abyss:2  | 38154 ||| DRINKING 9 potions of curing.
 38154 | Abyss:2  | 38154 ||| (to cure confusion)
 38155 | Abyss:2  | 38155 ||| DRINKING 8 potions of curing.
 38155 | Abyss:2  | 38155 ||| (to cure confusion)
 38156 | Abyss:2  | 38156 ||| DRINKING 7 potions of curing.
 38156 | Abyss:2  | 38156 ||| (to cure confusion)
 38157 | Abyss:2  | 38157 ||| DRINKING 6 potions of curing.
 38157 | Abyss:2  | 38157 ||| (to cure confusion)
 38158 | Abyss:2  | 38158 ||| DRINKING 5 potions of curing.
 38158 | Abyss:2  | 38158 ||| (to cure confusion)
 38159 | Abyss:2  | 38159 ||| DRINKING 4 potions of curing.
 38159 | Abyss:2  | 38159 ||| (to cure confusion)
 38160 | Abyss:2  | 38160 ||| INVOKING Trog's Hand.
 38180 | Abyss:2  | 38180 ||| DRINKING 3 potions of curing.
 38180 | Abyss:2  | 38180 ||| (to cure confusion)
 38183 | Abyss:2  | 38183 ||| DRINKING 2 potions of curing.
 38183 | Abyss:2  | 38183 ||| (to cure confusion)
 38192 | Vaults:2 | Escaped the Abyss
 38193 | Vaults:2 | 38193 ||| INVOKING Berserk.
 38197 | Vaults:2 | Killed Rupert
 38206 | Vaults:2 | Killed Frances
 38210 | Vaults:2 | 38210 ||| EATING fruit.
 38449 | Vaults:2 | 38449 ||| INVOKING Berserk.
 38574 | Vaults:2 | Found a staircase to the Crypt.
 38658 | Vaults:2 | Reached skill level 15 in Dodging
 38670 | Vaults:2 | Received a gift from Trog
 38670 | Vaults:2 | Reached skill level 15 in Armour
 38672 | Vaults:2 | 38672 ||| UPGRADING to glowing executioner's axe {god gift}.
 38673 | Vaults:2 | 38673 ||| UPGRADING to +9 antimagic battleaxe.
 38674 | Vaults:2 | 38674 ||| DROPPING +3 antimagic executioner's axe.
 38755 | Vaults:2 | Reached skill level 15 in Fighting
 38757 | Vaults:2 | 38757 ||| INVOKING Trog's Hand.
 38841 | Vaults:2 | 38841 ||| INVOKING Berserk.
 39097 | Vaults:2 | 39097 ||| INVOKING Trog's Hand.
 39341 | Vaults:2 | 39341 ||| UPGRADING to dented cabochon amulet.
 39376 | Vaults:2 | 39376 ||| INVOKING Trog's Hand.
 39458 | Vaults:2 | Reached XP level 20. HP: 129/129 MP: 4/20
 39509 | Vaults:2 | 39509 ||| DROPPING amulet of warding.
 39510 | Vaults:2 | 39510 ||| UPGRADING to amulet of guardian spirit.
 39512 | Vaults:2 | 39512 ||| DROPPING amulet of resist corrosion.
 39575 | Vaults:3 | 39575 ||| STAIRDANCE
 39691 | Vaults:3 | 39691 ||| INVOKING Trog's Hand.
 39692 | Vaults:3 | 39692 ||| INVOKING Brothers in Arms.
 40053 | Vaults:3 | 40053 ||| INVOKING Trog's Hand.
 40247 | Vaults:3 | 40247 ||| READING 2 scrolls of enchant armour.
 40247 | Vaults:3 | 40247 ||| ENCHANTING +1 pair of boots.
 40560 | Vaults:3 | Received a gift from Trog
 40586 | Vaults:3 | Noticed Norris
 40587 | Vaults:3 | 40587 ||| INVOKING Trog's Hand.
 40618 | Vaults:3 | 40618 ||| INVOKING Berserk.
 40628 | Vaults:3 | Killed Norris
 40727 | Vaults:3 | 40727 ||| Stepping randomly (disturbance).
 40757 | Vaults:3 | 40757 ||| UPGRADING to glowing cloak.
 40767 | Vaults:3 | 40767 ||| UPGRADING to +2 cloak.
 40777 | Vaults:3 | 40777 ||| DROPPING +1 cloak.
 40778 | Vaults:3 | 40778 ||| READING scroll labeled ABBUAS IPPUQA.
 40779 | Vaults:3 | 40779 ||| DROPPING wand of lightning.
 40871 | Vaults:4 | 40871 ||| INVOKING Trog's Hand.
 40920 | Vaults:4 | 40920 ||| DRINKING 2 potions of curing.
 40920 | Vaults:4 | 40920 ||| (to cure confusion)
 40957 | Vaults:4 | 40957 ||| INVOKING Trog's Hand.
 41069 | Vaults:4 | 41069 ||| INVOKING Trog's Hand.
 41111 | Vaults:4 | 41111 ||| INVOKING Trog's Hand.
 41189 | Vaults:4 | 41189 ||| INVOKING Berserk.
 41218 | Vaults:4 | 41218 ||| INVOKING Brothers in Arms.
 41435 | Vaults:4 | 41435 ||| INVOKING Trog's Hand.
 41482 | Vaults:4 | 41482 ||| INVOKING Trog's Hand.
 41522 | Vaults:4 | Received a gift from Trog
 41531 | Vaults:4 | 41531 ||| INVOKING Trog's Hand.
 41585 | Vaults:4 | Noticed a golden dragon
 41592 | Vaults:4 | 41592 ||| INVOKING Trog's Hand.
 41599 | Vaults:4 | Killed a golden dragon
 41629 | Vaults:4 | HP: 31/132 [ettin/dire flail (32)]
 41630 | Vaults:4 | 41630 ||| DRINKING 5 potions of heal wounds.
 41631 | Vaults:4 | 41631 ||| INVOKING Brothers in Arms.
 41632 | Vaults:4 | 41632 ||| DRINKING 4 potions of heal wounds.
 41637 | Vaults:4 | 41637 ||| INVOKING Brothers in Arms.
 41643 | Vaults:4 | 41643 ||| INVOKING Trog's Hand.
 41668 | Vaults:4 | 41668 ||| EATING slice of pizza.
 41842 | Vaults:4 | 41842 ||| UPGRADING to runed executioner's axe {god gift}.
 41843 | Vaults:4 | 41843 ||| UPGRADING to +9 antimagic battleaxe.
 41844 | Vaults:4 | 41844 ||| DROPPING +1 executioner's axe of freezing.
 41909 | Vaults:4 | Reached XP level 21. HP: 125/137 MP: 5/21
 42447 | Vaults:4 | Got a shimmering cloak
 42448 | Vaults:4 | 42448 ||| UPGRADING to shimmering cloak.
 42458 | Vaults:4 | Identified the +0 cloak of a sewer {rF+ Dex+4} (You found it on level 4 of the Vaults)
 42458 | Vaults:4 | 42458 ||| UPGRADING to +2 cloak.
 42468 | Vaults:4 | 42468 ||| READING scroll labeled BEEFIRPH KAYDIEPH.
 42958 | Lair:1   | 42958 ||| STAIRDANCE
 43117 | Lair:7   | 43117 ||| EATING royal jelly.
 43235 | Swamp:1  | Entered Level 1 of the Swamp
 43236 | Swamp:1  | 43236 ||| Entered S.
 43242 | Swamp:1  | 43242 ||| STAIRDANCE
 43471 | Swamp:1  | Found a frozen archway.
 43517 | Swamp:1  | 43517 ||| Stepping randomly (disturbance).
 43812 | Swamp:1  | 43812 ||| UPGRADING to ring of dexterity.
 43814 | Swamp:1  | 43814 ||| READING 16 scrolls of remove curse.
 43815 | Swamp:1  | 43815 ||| REMOVING -3 ring of dexterity.
 43816 | Swamp:1  | 43816 ||| DROPPING -3 ring of dexterity.
 43817 | Swamp:1  | 43817 ||| UPGRADING to +4 ring of dexterity.
 43818 | Swamp:1  | 43818 ||| UPGRADING to +3 ring of evasion.
 43863 | Swamp:2  | 43863 ||| STAIRDANCE
 43947 | Swamp:2  | Noticed Louise
 43950 | Swamp:2  | 43950 ||| INVOKING Trog's Hand.
 43951 | Swamp:2  | 43951 ||| INVOKING Brothers in Arms.
 43958 | Swamp:2  | 43958 ||| INVOKING Berserk.
 43960 | Swamp:2  | Killed Louise
 43960 | Swamp:2  | Received a gift from Trog
 43999 | Swamp:2  | 43999 ||| INVOKING Fly.
 43999 | Swamp:2  | 43999 ||| FLYING.
 44206 | Swamp:2  | 44206 ||| INVOKING Berserk.
 44225 | Swamp:2  | 44225 ||| EATING 22 meat rations.
 44704 | Swamp:2  | 44704 ||| Stepping randomly (disturbance).
 44775 | Swamp:2  | 44775 ||| Stepping randomly (disturbance).
 44777 | Swamp:2  | 44777 ||| Stepping randomly (disturbance).
 44779 | Swamp:2  | 44779 ||| Stepping randomly (disturbance).
 44781 | Swamp:2  | 44781 ||| Stepping randomly (disturbance).
 44842 | Swamp:2  | 44842 ||| UPGRADING to glowing plate armour.
 44852 | Swamp:2  | 44852 ||| UPGRADING to +4 plate armour "Axkin" {rF+}.
 44862 | Swamp:2  | 44862 ||| UPGRADING to dented garnet amulet.
 44864 | Swamp:2  | 44864 ||| UPGRADING to amulet of guardian spirit.
 44866 | Swamp:2  | 44866 ||| DROPPING amulet of resist mutation.
 44867 | Swamp:2  | 44867 ||| READING scroll labeled TIPUVE WIOHEOLAWN.
 44940 | Swamp:3  | 44940 ||| STAIRDANCE
 44948 | Swamp:3  | 44948 ||| STAIRDANCE
 45099 | Swamp:3  | 45099 ||| Stepping randomly (disturbance).
 45100 | Swamp:3  | 45100 ||| Stepping randomly (disturbance).
 45293 | Swamp:3  | 45293 ||| READING scroll labeled SIUDUIPTUV.
 45325 | Swamp:3  | 45325 ||| Stepping ~*~*~tactically~*~*~ (water).
 45493 | Swamp:3  | 45493 ||| INVOKING Fly.
 45493 | Swamp:3  | 45493 ||| FLYING.
 46004 | Swamp:4  | Entered Level 4 of the Swamp
 46137 | Swamp:4  | 46137 ||| Stepping randomly (disturbance).
 46140 | Swamp:4  | 46140 ||| Stepping randomly (disturbance).
 46143 | Swamp:4  | 46143 ||| Stepping randomly (disturbance).
 46144 | Swamp:4  | 46144 ||| Stepping randomly (disturbance).
 46167 | Swamp:4  | 46167 ||| Stepping randomly (disturbance).
 46173 | Swamp:4  | 46173 ||| Stepping randomly (disturbance).
 46179 | Swamp:4  | 46179 ||| Stepping randomly (disturbance).
 46338 | Swamp:4  | Received a gift from Trog
 46381 | Swamp:4  | 46381 ||| Stepping randomly (disturbance).
 46382 | Swamp:4  | 46382 ||| Stepping randomly (disturbance).
 46434 | Swamp:4  | 46434 ||| Stepping randomly (disturbance).
 46657 | Swamp:4  | 46657 ||| Stepping ~*~*~tactically~*~*~ (cloud).
 46670 | Swamp:4  | 46670 ||| Stepping ~*~*~tactically~*~*~ (water).
 46684 | Swamp:4  | 46684 ||| Stepping ~*~*~tactically~*~*~ (water).
 46696 | Swamp:4  | 46696 ||| INVOKING Fly.
 46696 | Swamp:4  | 46696 ||| FLYING.
 46712 | Swamp:4  | Got a decaying rune of Zot
 46755 | Swamp:4  | 46755 ||| Stepping ~*~*~tactically~*~*~ (water).
 46794 | Swamp:4  | 46794 ||| INVOKING Fly.
 46794 | Swamp:4  | 46794 ||| FLYING.
 46795 | Swamp:4  | 46795 ||| EATING 2 fruits.
 46993 | Swamp:4  | 46993 ||| DRINKING 2 glowing red potions.
 46993 | Swamp:4  | Lost mutation: Your spells are a little easier to cast, but a little less powerful. [potion of cure mutation]
 47365 | Depths:1 | Entered Level 1 of the Depths
 47366 | Depths:1 | 47366 ||| Entered U.
 47406 | Depths:1 | 47406 ||| INVOKING Brothers in Arms.
 47407 | Depths:1 | 47407 ||| INVOKING Berserk.
 47419 | Depths:1 | 47419 ||| READING 2 scrolls of teleportation.
 47423 | Depths:1 | 47423 ||| READING scroll of teleportation.
 47424 | Depths:1 | HP: 33/140 [hell knight/bolt of fire (10)]
 47425 | Depths:1 | 47425 ||| DRINKING 3 potions of heal wounds.
 47430 | Depths:1 | 47430 ||| INVOKING Brothers in Arms.
 47447 | Depths:1 | HP: 21/140 [stone giant/large rock (21)]
 47448 | Depths:1 | 47448 ||| DRINKING 2 potions of heal wounds.
 47451 | Depths:1 | 47451 ||| INVOKING Brothers in Arms.
 47453 | Depths:1 | HP: 30/140 [iron troll (7)]
 47454 | Depths:1 | 47454 ||| DRINKING potion of heal wounds.
 47459 | Depths:1 | HP: 10/140 [water elemental (8)]
 47462 | Depths:1 | Reached XP level 22. HP: 11/146 MP: 2/22
 47480 | Depths:1 | 47480 ||| INVOKING Berserk.
 47495 | Depths:1 | 47495 ||| INVOKING Brothers in Arms.
 47586 | Depths:1 | 47586 ||| INVOKING Berserk.
 47592 | Depths:1 | 47592 ||| EATING 5 fruits.
 47697 | Depths:1 | 47697 ||| EATING 4 fruits.
 48384 | Depths:2 | 48384 ||| STAIRDANCE
 48402 | Depths:2 | 48402 ||| STAIRDANCE
 48470 | Depths:2 | Found a one-way gate to the infinite horrors of the Abyss.
 48472 | Depths:2 | 48472 ||| INVOKING Trog's Hand.
 48496 | Depths:2 | Reached skill level 18 in Dodging
 48500 | Depths:2 | 48500 ||| EATING 3 fruits.
 48514 | Depths:2 | 48514 ||| DRINKING potion of beneficial mutation.
 48514 | Depths:2 | Gained mutation: You have a pair of small horns on your head. [potion of beneficial mutation]
 48569 | Depths:2 | Received a gift from Trog
 48584 | Depths:2 | Reached skill level 18 in Armour
 48619 | Depths:2 | Got a jewelled battleaxe {god gift}
 48623 | Depths:2 | 48623 ||| UPGRADING to jewelled battleaxe {god gift}.
 48623 | Depths:2 | Identified the +8 battleaxe of Reinforcement {chop, rElec rPois Str-5 Dex+6} (Trog gifted it to you on level 2 of the Depths)
 48624 | Depths:2 | 48624 ||| UPGRADING to +9 battleaxe of flaming.
 48625 | Depths:2 | 48625 ||| DROPPING +8 battleaxe of Reinforcement {chop, rElec rPois Str-5 Dex+6}.
 48648 | Depths:2 | 48648 ||| INVOKING Trog's Hand.
 48654 | Depths:2 | Reached skill level 18 in Fighting
 48678 | Depths:2 | Found a runed door.
 48992 | Depths:2 | 48992 ||| INVOKING Berserk.
 49003 | Depths:2 | 49003 ||| EATING 2 fruits.
 49013 | Depths:2 | 49013 ||| EATING fruit.
 49512 | Depths:2 | Got a twitching copper ring
 49555 | Depths:2 | 49555 ||| EATING royal jelly.
 49706 | Depths:2 | 49706 ||| DROPPING +2 helmet.
 49707 | Depths:2 | 49707 ||| UPGRADING to twitching copper ring.
 49708 | Depths:2 | Identified the ring "Faitiaps" {rF+ rC+ Stlth-} (You found it on level 2 of the Depths)
 49709 | Depths:2 | 49709 ||| UPGRADING to +4 ring of dexterity.
 49711 | Depths:2 | 49711 ||| UPGRADING to +3 ring of evasion.
 49713 | Depths:2 | 49713 ||| DROPPING wand of fire.
 49752 | Depths:3 | 49752 ||| INVOKING Berserk.
 49834 | Depths:3 | Found Gozag's Antique Weapon Shoppe.
 49856 | Depths:3 | Found an opulent altar of Gozag.
 49861 | Depths:3 | 49861 ||| INVOKING Berserk.
 49874 | Depths:3 | Found Gozag's Assorted Antiques.
 49877 | Depths:3 | Found Gozag's Antique Armour Emporium.
 49884 | Depths:3 | Bought a large opal ring for 500 gold pieces
 49891 | Depths:3 | Noticed Jory
 49902 | Depths:3 | 49902 ||| INVOKING Brothers in Arms.
 49907 | Depths:3 | Killed Jory
 49920 | Depths:3 | 49920 ||| INVOKING Berserk.
 50038 | Depths:3 | 50038 ||| INVOKING Trog's Hand.
 50224 | Depths:3 | 50224 ||| INVOKING Trog's Hand.
 50256 | Depths:3 | 50256 ||| INVOKING Berserk.
 50640 | Depths:3 | 50640 ||| INVOKING Trog's Hand.
 50690 | Depths:3 | Received a gift from Trog
 50779 | Depths:3 | 50779 ||| UPGRADING to runed battleaxe {god gift}.
 50780 | Depths:3 | 50780 ||| UPGRADING to +9 battleaxe of flaming.
 50781 | Depths:3 | 50781 ||| DROPPING +2 battleaxe of venom.
 50908 | Depths:3 | Reached XP level 23. HP: 142/153 MP: 21/23
 51229 | Depths:3 | 51229 ||| UPGRADING to large opal ring.
 51231 | Depths:3 | 51231 ||| REMOVING ring of poison resistance.
 51232 | Depths:3 | 51232 ||| DROPPING ring of poison resistance.
 51233 | Depths:3 | 51233 ||| UPGRADING to ring of protection from cold.
 51234 | Depths:3 | 51234 ||| UPGRADING to twisted golden ring.
 51236 | Depths:3 | 51236 ||| REMOVING +3 ring of intelligence.
 51237 | Depths:3 | 51237 ||| UPGRADING to ring "Faitiaps" {rF+ rC+ Stlth-}.
 51238 | Depths:3 | 51238 ||| DROPPING +3 ring of intelligence.
 51255 | Depths:4 | 51255 ||| STAIRDANCE
 51265 | Depths:4 | 51265 ||| STAIRDANCE
 51267 | Depths:3 | 51267 ||| INVOKING Berserk.
 51409 | Depths:4 | 51409 ||| INVOKING Berserk.
 51424 | Depths:4 | 51424 ||| READING 2 scrolls of teleportation.
 51429 | Depths:4 | 51429 ||| READING scroll of teleportation.
 51435 | Depths:4 | 51435 ||| INVOKING Brothers in Arms.
 51435 | Depths:4 | HP: 38/153 [spark wasp/living lightning (3)]
 51436 | Depths:4 | 51436 ||| DRINKING potion of heal wounds.
 51440 | Depths:4 | HP: 35/153 [spark wasp/living lightning (1)]
 51442 | Depths:4 | 51442 ||| INVOKING Trog's Hand.
 51443 | Depths:4 | 51443 ||| INVOKING Brothers in Arms.
 51443 | Depths:4 | HP: 15/153 [spark wasp (11)]
 51443 | Depths:4 | HP: 6/153 [hell knight/halberd of distortion (6)]
 51444 | Depths:4 | Slain by a hell knight

Vault maps used:
D:1:      dpeg_arrival_snail
D:2:      marbit_many_paths, grunt_temple_overflow_open, st_stairs_10
D:3:      yredelemnul_altar_generic, trog_eyes_of_draining
D:4:      nemelex_xobeh_ov_fountains_minmay, lemuel_zombie_altar_kikubaaqudgha,
          nicolae_overflow_crystal_walls, first_bread
D:5:      evilmike_ruin_ashenzari
D:7:      grunt_ogre_cave
D:8:      old_standard_altar, uniq_maurice
D:10:     minmay_three_doors
D:11:     david_lair_generic, orc_0_dummy
D:12:     serial_bayou_crossing
D:13:     kennysheep_diamond, stair_cage_cross, minmay_orc_keep, uniq_azrael
D:14:     david_vaults_3, lab_entry_generic, hangedman_decor_slide_cut
D:15:     grunt_enter_depths_snipers, nicolae_two_hexagons, serial_bayou_pond_e
Lair:1:   guppyfry_lair_drakes, infiniplex_staircase_pool_2
Lair:2:   beast_lair_carwin_7, lemuel_fruit_tree, lemuel_fruit_fields,
          serial_bayou_shore_a
Lair:3:   minmay_swamp_entry_worms, spider_nest_entry_web_field,
          beast_lair_carwin_1, grunt_megastairs_2
Lair:5:   enter_volcano_2, cheibrodos_lair_reptile_den, uniq_josephine,
          uniq_kirke
Lair:6:   nicolae_slime_entry_slimehenge
Lair:7:   uniq_maud
Lair:8:   evil_forest
Swamp:1:  portal_ice_cave_entry_pillars_02, evilmike_swamp_ruin_house_2
Swamp:2:  evilmike_swamp_ruin_house_1, infiniplex_staircase_pool, uniq_louise
Swamp:3:  hangedman_swamp_diagram, uniq_donald
Swamp:4:  swamp_basic_johnstein, swamp_pool3, hangedman_swamp_dais
Spider:1: spider_trap, hangedman_spider_tarantella_strand
Spider:3: uniq_jorgrun
Spider:4: johnstein_spider_rune_arachne_lair, uniq_agnes
Orc:3:    nicolae_orc_pool_cavern
Orc:4:    pf_orc_diabolical, basic_altar, nooodl_orcs_dogs
Vaults:1: ontoclasm_vaults_claustrophobia, vaults_room_door_ring,
          vaults_dpeg_cross, v_alt_pattern_2, st_cross, v_alt_pattern_6,
          v_misc_10, v_pattern_3, hangedman_vaults_trim, vaults_room_large_hall,
          v_misc_12, nicolae_vaults_little_squares_1, serial_shops,
          nicolae_shop_overgrown_old_shop
Vaults:2: ontoclasm_vaults_ring_small, vaults_mumra_chevron_long,
          nicolae_vaults_twisting_passages, v_alt_pattern_6,
          hangedman_vaults_hat, minmay_crypt_entry_skeletal_spiral,
          ontoclasm_vaults_gateway, sword_in_stone, grunt_vaults_diagonal,
          ontoclasm_vaults_chip, grunt_vaults_hallway_short, grunt_vaults_focal,
          vaults_mumra_minichess, v_misc_14, serial_shops, shop_fountains, shop
Vaults:3: nicolae_vaults_ninety_degrees, dpeg_vaults_monster_box,
          vaults_room_octagon, ontoclasm_vaults_bender,
          ontoclasm_vaults_ring_large, grunt_vaults_funnel, grunt_vaults_swirl,
          grunt_vaults_twisty, hangedman_vaults_corner,
          nicolae_vaults_little_squares_2, nicolae_vaults_little_squares_1,
          v_misc_25, uniq_norris
Vaults:4: nicolae_vaults_halls_meeting, hangedman_vaults_impose, v_pattern_5,
          v_misc_5, hangedman_vaults_stitches,
          hangedman_vaults_stretched_pinwheel, ontoclasm_vaults_spin, v_misc_14,
          nicolae_vaults_little_squares_3, nicolae_vaults_yaktaur_gun_rack,
          ontoclasm_vaults_fault, hangedman_vaults_nodes,
          nicolae_vaults_little_squares_1
Depths:1: grated_community_mu, dk_noncrumbling_3, hellmouth_1,
          grunt_ministairs_4, corexii_corridor_pit
Depths:2: minmay_haunted_quarter, serial_sigils_hangedman_stare,
          grunt_pan_entry_in_and_out, nicolae_abyss_entry_one_way_or_another,
          hell_entry, lightli_giant_bouncers, minmay_staircase_windowed_small
Depths:3: kennysheep_gozag_temple, grunt_hell_entry_dis_mu, pan_entry, uniq_jory
Depths:4: hangedman_cross_stitches, abyss_entry, glass_columns_c,
          hangedman_coc_ice_floe, hangedman_feature_mirror
Abyss:2:  evilmike_abyss_exit_vortex

Action                   |  1- 3 |  4- 6 |  7- 9 | 10-12 | 13-15 | 16-18 | 19-21 | 22-24 || total
-------------------------+-------+-------+-------+-------+-------+-------+-------+-------++-------
Melee: Hand axe          |    54 |    53 |       |       |       |       |       |       ||   107
       War axe           |       |       |   299 |   211 |       |       |       |       ||   510
       Broad axe         |       |       |       |   220 |       |       |       |       ||   220
       Battleaxe         |       |       |       |   170 |  1298 |  1410 |  1783 |   608 ||  5269
Throw: Javelin           |    38 |     2 |    91 |    50 |       |    47 |       |       ||   228
       Tomahawk          |    25 |    17 |    42 |   190 |   155 |       |       |       ||   429
Invok: Berserk           |     1 |     3 |    12 |    13 |    25 |    18 |    10 |     9 ||    91
       Trog's Hand       |       |       |       |     1 |     6 |    10 |    22 |     6 ||    45
       Brothers in Arms  |       |       |       |     1 |    13 |    31 |    10 |     4 ||    59
 Abil: Fly               |       |       |       |       |     1 |       |     4 |       ||     5
  Use: Scroll            |     7 |       |    14 |     9 |    17 |    10 |     8 |     2 ||    67
       Potion            |       |       |     2 |     1 |     1 |     4 |    15 |     2 ||    25
 Stab: Petrified         |       |       |       |       |     2 |       |       |       ||     2
       Distracted        |       |       |       |       |     1 |     3 |     2 |       ||     6
       Petrifying        |       |       |       |       |     1 |       |       |       ||     1
       Confused          |       |       |       |       |       |       |     2 |       ||     2
  Eat: Chunk             |     3 |     5 |    19 |    27 |    55 |    30 |    37 |    17 ||   193
       Fruit             |       |       |     4 |       |     4 |     3 |     3 |     5 ||    19
       Beef jerky        |       |       |     3 |     4 |     5 |       |     1 |       ||    13
       Pizza             |       |       |       |       |     3 |       |     2 |       ||     5
       Bread ration      |       |       |       |       |     1 |     6 |       |       ||     7
       Royal jelly       |       |       |       |       |       |       |     1 |     1 ||     2
       Meat ration       |       |       |       |       |       |       |     1 |       ||     1
